 Dungeon Crawl Stone Soup version 0.28.0-53-g5a82cb258f (webtiles) character file.

Game seed: 328301376760493524

62 safid the Digger (level 4, -2/26 HPs)
             Began as a Gargoyle Earth Elementalist on Sept 2, 2022.
             Killed from afar by Sigmund (10 damage)
             ... with a magic dart
             ... on level 3 of the Dungeon.
             The game lasted 00:03:05 (1908 turns).

safid the Digger (Gargoyle Earth Elementalist)      Turns: 1908, Time: 00:03:06

Health: -2/26      AC:  6    Str: 11    XL:     4   Next: 8%
Magic:  6/7        EV: 12    Int: 18    God:
Gold:   57         SH:  0    Dex: 10    Spells: 7/8 levels left

rFire   . . .      SeeInvis .   f - +2 dagger (venom)
rCold   . . .      Faith    .   (no shield)
rNeg    + . .      Spirit   .   b - +0 robe
rPois   ∞          Reflect  .   i - +0 helmet
rElec   +          Harm     .   (no cloak)
rCorr   .          Rampage  .   (no gloves)
Will    .....                   (no boots)
Stlth   ++........              (no amulet)
HPRegen 0.08/turn               (no ring)
MPRegen 0.10/turn               (no ring)

@: no status effects
A: sickness immunity, AC +3, negative energy resistance 1, electricity
resistance, torment resistance 1, petrification resistance
a: no special abilities


You were on level 3 of the Dungeon.
You visited 1 branch of the dungeon, and saw 3 of its levels.

You collected 57 gold pieces.

Inventory:

Hand Weapons
 a - a +1 short sword of speed
 f - a +2 dagger of venom (weapon)
Missiles
 c - 52 stones
 g - 6 curare-tipped darts
Armour
 b - a +0 robe (worn)
 i - a +0 helmet (worn)
Scrolls
 d - a scroll of magic mapping {unknown}
 h - a scroll of amnesia {unknown}
 j - 2 scrolls of identify {unknown}
Potions
 e - a potion of ambrosia
 k - a potion of heal wounds {unknown}


   Skills:
 + Level 1.8 Fighting
 - Level 2.0 Dodging
 - Level 2.1 Stealth
 + Level 2.6 Spellcasting
 - Level 1.0 Transmutations
 + Level 4.3 Earth Magic


You had 7 spell levels left.
You knew the following spells:

 Your Spells              Type           Power      Damage    Failure   Level
a - Sandblast             Erth           34%        2d9       3%          1

Your spell library contained the following spells:

 Spells                   Type           Power      Damage    Failure   Level
 Passwall                 Tmut/Erth      9%         N/A       9%          2
 Stone Arrow              Conj/Erth      20%        3d8       22%         3
 Petrify                  Tmut/Erth      11%        N/A       50%         4


Dungeon Overview and Level Annotations

Branches:
Dungeon (3/15)

Altars:

Annotations:
D:3 Sigmund, Terence


Innate Abilities, Weirdness & Mutations

You are immune to sickness and miasma.
Your stone body is resilient. (AC +3)
You are immune to poison.
You resist negative energy. (rN+)
You are resistant to electric shocks. (rElec)
You are resistant to unholy torment.
You are immune to petrification.


Message History

Aim: Sigmund, wielding a +1 scythe of venom and wearing a +0 robe (moderately wounded, 77% to hit)
The blast of sand hits Sigmund!
Sigmund is severely wounded.
Sigmund casts a spell at you.
You are confused.
You're too confused to cast spells.
Unknown command.
It was a potion of ambrosia.
You are more confused.
You feel invigorated.
Sigmund hits you from afar with a +1 scythe of venom.
Okay, then.
Sigmund mumbles some strange words.
Sigmund flickers and vanishes!
Deactivating autopickup; reactivate with Ctrl-A.
Terence hits you with a +0 mace.
You hit Terence but do no damage.
Terence is poisoned.
Your punch misses Terence.
You feel less invigorated. Terence hits you with a +0 mace.
Something hits you but does no damage.
You're too confused to move!
You barely miss Terence.
Terence is lightly wounded.
Something hits you. Terence hits you with a +0 mace.
You're too confused to move!
Terence hits you with a +0 mace. Something hits you.
You bump into the rock wall.
You feel less confused. Terence hits you with a +0 mace.
Unknown command.
Casting: Sandblast (safe; 3% risk of failure)
Confirm with . or Enter, or press ? or * to list all spells.
Aiming: Sandblast (safe; 3% risk of failure)
Press: ? - help, Shift-Dir - straight line, f - Terence
Aim: Terence, wielding a +0 mace and wearing a +0 ring mail (lightly wounded, poisoned, 82% to hit)
The blast of sand hits Terence!
Terence is heavily wounded.
A magic dart appears from out of thin air!
The magic dart hits you!
You die...

#.###...###### ..#
#)..<......... #.#
##.##...##### #.#
##.###.##
#######.#####......#
...$...........#####
...........##.##
........##.##.#
#..##@##.#
#..{.@##.######
#.##..........# #.
#.###.####.# #. #.#
#.# #. #.# #.# #.
#.# #.# #. ..# #.#
#. ### #.#


You could see Terence (poisoned).

Vanquished Creatures
  2 adders (D:2)
  A worm (D:2)
  A dart slug (D:2)
  2 ball pythons
  8 endoplasms
  2 giant cockroaches
  A goblin (D:2)
  3 hobgoblins
  2 jackals (D:1)
  3 bats
  3 frilled lizards
  5 kobolds
  5 rats
38 creatures vanquished.

Notes
Turn   | Place    | Note
-------+----------+-------------------------------------------
     0 | D:1      | safid the Gargoyle Earth Elementalist began the quest for
                  | the Orb.
     0 | D:1      | Reached XP level 1. HP: 10/10 MP: 3/3
   278 | D:1      | Reached skill level 1 in Transmutations
   278 | D:1      | Reached XP level 2. HP: 7/16 MP: 5/5
   724 | D:1      | Reached skill level 1 in Fighting
  1148 | D:2      | Reached XP level 3. HP: 20/20 MP: 6/6
  1154 | D:2      | Reached skill level 4 in Earth Magic
  1540 | D:2      | Reached XP level 4. HP: 26/26 MP: 7/7
  1890 | D:3      | Noticed Sigmund
  1893 | D:3      | Noticed Terence
  1908 | D:3      | Killed from afar by Sigmund

Illustrated notes

Levels and vault maps discovered:
D:1:      amcnicky_arrival_feature_with_door, layout_basic,
          minmay_strange_pillars
D:2:      wander_river, layout_rooms, minivault_27, kennysheep_generic_room_6
D:3:      layout_loops_ring, chequers_temple_overflow_statue_of_worship,
          hellmonk_ecumenical_altar_slurped_away, uniq_grinder, uniq_terence,
          uniq_sigmund

Skill      XL: |  1  2  3 |
---------------+----------+-----
Transmutations | 1 |  1.0
Fighting       | 1 |  1.8
Earth Magic    | 4 |  4.3
Dodging        | 2 |  2.0
Stealth        | |  2.1
Spellcasting   | |  2.6

Action                   |  1- 3 |  4- 6 || total
-------------------------+-------+-------++-------
Melee: Short sword       |    16 |       ||    16
       Dagger            |    58 |    16 ||    74
       Punch             |     1 |       ||     1
 Cast: Sandblast         |     8 |     5 ||    13
  Use: Potion            |       |     1 ||     1
 Stab: Sleeping          |     5 |       ||     5
Armor: Robe              |    20 |     7 ||    27
Dodge: Dodged            |    47 |     8 ||    55
